 Dungeon Crawl Stone Soup version 0.26.0-10-g1f06aea511 (webtiles) character file.

Game seed: 17149401829554901030

232009 Arum the Warrior (level 20, -4/176 HPs)
             Began as a Formicid Fighter on Jan 17, 2021.
             Was the Champion of Makhleb.
             Slain by a merfolk impaler
             ... wielding a +2 trident of distortion
              (15 damage)
             ... on level 4 of the Shoals.
             The game lasted 01:26:42 (29948 turns).

Arum the Warrior (Formicid Fighter)                Turns: 29948, Time: 01:26:42

Health: -4/176     AC: 30    Str: 29    XL:     20   Next: 31%
Magic:  24/24      EV: 12    Int:  9    God:    Makhleb [******]
Gold:   969        SH: 13    Dex: 10    Spells: 19/19 levels left

rFire    + + +     SeeInvis +   Z - +8 lajatang (vorpal)
rCold    + + +     Faith    .   c - +1 kite shield
rNeg     + . .     Spirit   .   b - +8 plate armour of the Equinox {rC+ Will+}
rPois    +         Reflect  .   (helmet unavailable)
rElec    +         Harm     .   v - scarf {rC+ rF+}
rCorr    .         Rampage  .   r - +2 pair of gloves
Will     +++..                  G - +0 pair of boots
Stlth    ..........             U - amulet of regeneration
HPRegen  0.79/turn              p - ring "Jonlof" {*Drain +Blink rPois rF+++ rC+}
MPRegen  0.19/turn              R - ring "Luij" {+Inv rElec rPois rN+ Stlth-}

@: very slow
A: permanent stasis, dig shafts and tunnels, four strong arms, antennae 3, low
mp 1
}: 1/15 runes: serpentine
a: Dig, Shaft Self, Renounce Religion, Evoke Invisibility, Minor Destruction,
Lesser Servant of Makhleb, Major Destruction, Greater Servant of Makhleb


You were on level 4 of the Shoals.
You worshipped Makhleb.
Makhleb was exalted by your worship.
You visited 6 branches of the dungeon, and saw 32 of its levels.
You also visited: Sewer and Volcano.

You collected 3246 gold pieces.
You spent 2277 gold pieces at shops.

Inventory:

Hand Weapons
 n - a +5 quarterstaff of chaos
 Z - a +8 vorpal lajatang (weapon)
Missiles
 u - 33 silver javelins
 H - 3 throwing nets
 K - 27 javelins
Armour
 b - the +8 plate armour of the Equinox (worn) {rC+ Will+}
   (You bought it in a shop on level 9 of the Dungeon)

   It protects you from cold.
   It affects your willpower, your defense against some magical effects.
 c - a +1 kite shield (worn)
 o - the +0 cloak of the Barnacle {rF+ rC+ Str-2}
   (You bought it in a shop on level 2 of the Orcish Mines)

   It affects your strength (-2).
   It protects you from fire.
   It protects you from cold.
 r - a +2 pair of gloves (worn)
 v - a scarf of resistance (worn)
 G - a +0 pair of boots (worn)
Jewellery
 l - the ring "Dyta" {rN+ Dex+2 Slay+3 SInv}
   (You took it off a centaur on level 11 of the Dungeon)

   [ring of positive energy]

   It affects your dexterity (+2).
   It affects your accuracy and damage with ranged weapons and melee attacks
   (+3).
   It protects you from negative energy.
   It lets you see invisible.
 p - the ring "Jonlof" (left hand) {*Drain +Blink rPois rF+++ rC+}
   (You took it off a deep elf knight on level 11 of the Dungeon)

   [ring of protection from cold]

   It renders you almost immune to fire.
   It protects you from cold.
   It protects you from poison.
   It lets you blink.
   It causes draining when unequipped.
 C - an uncursed ring of resist corrosion
 R - the ring "Luij" (right hand) {+Inv rElec rPois rN+ Stlth-}
   (You bought it in a shop on level 2 of the Orcish Mines)

   [ring of poison resistance]

   It insulates you from electricity.
   It protects you from poison.
   It protects you from negative energy.
   It lets you turn invisible.
   It makes you less stealthy.
 U - an amulet of regeneration (around neck)
Wands
 x - a wand of digging (3)
 y - a wand of acid (49)
 z - a wand of iceblast (21)
 A - a wand of random effects (44)
 L - a wand of disintegration (5)
 Q - a wand of paralysis (13)
Scrolls
 a - 4 scrolls of immolation
 d - a scroll of summoning
 f - 7 scrolls of fog
 g - 14 scrolls of remove curse
 i - 6 scrolls of magic mapping
 k - a scroll of brand weapon
 t - 8 scrolls of enchant armour
 I - a scroll of holy word
 J - 3 scrolls of fear
 N - 2 scrolls of vulnerability
 O - 2 scrolls of torment
 V - 14 scrolls of identify
Potions
 j - 9 potions of curing
 m - 11 potions of flight
 s - 4 potions of cancellation
 w - 4 potions of attraction
 B - 11 potions of ambrosia
 D - 2 potions of mutation
 F - 6 potions of resistance
 M - 3 potions of brilliance
 P - 2 potions of magic
 S - a potion of invisibility
 Y - 7 potions of lignification
Miscellaneous
 e - a phial of floods
 h - a lightning rod (4/4)
 q - a box of beasts
 E - a phantom mirror
 W - a tin of tremorstones (2/2)
 X - a condenser vane (inert)


   Skills:
 + Level 19.7 Fighting
 - Level 18.0 Staves
 + Level 16.1 Armour
 - Level 10.0 Dodging
 - Level 9.0 Shields
 - Level 9.0 Invocations
 - Level 10.0 Evocations


You had 19 spell levels left.
You didn't know any spells.
Your spell library contained the following spells:

 Spells                   Type           Power        Failure   Level
 Animate Skeleton         Necr           0%           91%         1
 Apportation              Tloc           0%           91%         1
 Beastly Appendage        Tmut           0%           91%         1
 Corona                   Hex            0%           91%         1
 Magic Dart               Conj           0%           91%         1
 Sandblast                Erth           0%           91%         1
 Summon Small Mammal      Summ           0%           91%         1
 Ensorcelled Hibernation  Hex/Ice        0%           97%         2
 Passwall                 Tmut/Erth      0%           97%         2
 Searing Ray              Conj           0%           97%         2
 Wereblood                Tmut           0%           97%         2
 Confusing Touch          Hex            0%           100%        3
 Dazzling Flash           Conj/Hex       0%           100%        3
 Gell's Gravitas          Tloc           0%           100%        3
 Lesser Beckoning         Tloc           0%           100%        3
 Spider Form              Tmut/Pois      0%           100%        3
 Stone Arrow              Conj/Erth      0%           100%        3
 Teleport Other           Tloc           0%           100%        3
 Tukima's Dance           Hex            0%           100%        3
 Fulminant Prism          Conj/Hex       0%           100%        4
 Ice Form                 Ice/Tmut       0%           100%        4
 Iskenderun's Mystic Bla  Conj/Tloc      0%           100%        4
 Passage of Golubria      Tloc           N/A          100%        4
 Petrify                  Tmut/Erth      0%           100%        4
 Agony                    Necr           0%           100%        5
 Blade Hands              Tmut           0%           100%        5
 Irradiate                Conj/Tmut      0%           100%        5
 Lee's Rapid Deconstruct  Erth           0%           100%        5
 Metabolic Englaciation   Hex/Ice        0%           100%        5
 Yara's Violent Unravell  Hex/Tmut       0%           100%        5
 Hydra Form               Tmut           0%           100%        6
 Statue Form              Tmut/Erth      0%           100%        6
 Dragon Form              Tmut           0%           100%        7
 Blink                    Tloc           Unusable     N/A         2

Dungeon Overview and Level Annotations

Branches:
Dungeon (15/15)            Temple (1/1) D:4            Lair (6/6) D:8
 Shoals (4/4) Lair:3        Snake (4/4) Lair:2        Slime (0/5) Lair:6
    Orc (2/2) D:11            Elf (0/3) Orc:2        Vaults (0/5) D:14
 Depths (0/5) D:15          Sewer (visited)         Volcano (visited)

Altars:
Ashenzari
Cheibriados
Dithmenos
Elyvilon
Fedhas
Gozag
Hepliaklqana
Kikubaaqudgha
Makhleb
Nemelex Xobeh
Okawaru
Qazlal
Ru
Sif Muna
Trog
Uskayaw
Vehumet
Wu Jian
Xom
Yredelemnul
Zin
The Shining One
Beogh

Shops:
D:8 [   D:9 }[   D:10 (   D:11 ?   D:12 [   Orc:2 ([=*!   Snake:3 ?[

Annotations:
D:11 1 runed translucent door
Shoals:1 3 runed translucent doors, Glennnyy's ghost, adept GrFi
Orc:1 2 transporters, TrebMcFLY's ghost, journeyman OpFi
Abyss:1 MajorAdolf's ghost, journeyman NaWn


Innate Abilities, Weirdness & Mutations

You cannot be hasted, slowed, berserked, paralysed or teleported.
You can dig through walls and to a lower floor.
Your four strong arms can wield two-handed weapons with a shield.
You have a pair of large antennae on your head. (SInv)
Your magical capacity is low. (-10% MP)


Message History

Space bends around you.
* * * LOW HITPOINT WARNING * * *
The merfolk javelineer throws a silver javelin.
The silver javelin pierces through your green death!
The silver sears your green death! The silver javelin closely misses you.
You hear a splash.
Your green death gestures at the merfolk javelineer.
The poison arrow hits the merfolk javelineer!!
The merfolk javelineer looks as sick as possible!
Unknown command.
Unknown command.
Unknown command.
Unknown command.
Unknown command.
Unknown command.
Your unstable footing causes you to fumble your attack.
The merfolk impaler seems to regain its courage.
The merfolk impaler hits you but does no damage.
Space warps horribly around you!
You die...

≈.≈..........#
#######≈.....)...# ≈..≈≈..
##.##≈m#m#......... ≈..≈≈{.
#...≈≈H(#.......... ≈..≈≈..
##§#≈#m)##......... ≈...≈{.
#§§§mm###.......).
#..{{{.{##≈#2#≈###≈........
.....{.##m§§§§≈≈##≈........
....{{.#{#@##≈≈≈#≈≈≈....≈..
..≈≈.{{{≈#######≈.≈≈...≈≈..
.≈≈{.≈{≈≈≈# #...≈≈#####.
.≈....t≈≈.... ≈≈.
....m..k...H...
...t...........
.............H.
.............H≈
≈≈............≈


You could see 2 merfolk impalers, a merfolk javelineer (extremely poisoned), 2
merfolk, a manticore and a friendly green death (summoned).

Vanquished Creatures
  Jorgrun (Shoals:1)
  The ghost of Aral the Warrior, an adept MiBe of Trog (Shoals:3)
  The ghost of FortyThree the Brawler, an adept DrTm of Makhleb (Shoals:3)
  Rupert (Lair:6)
  Asterion (Snake:1)
  Polyphemus (Shoals:2)
  Frances (Shoals:2)
  2 krakens (Shoals:3)
  Kirke (Lair:4)
  Donald (Snake:2)
  10 nagarajas
  The ghost of MisterFreud the Warrior, a journeyman MiFi (D:15)
  A fire giant (D:11)
  2 orc warlords
  Aizul (Snake:3)
  A stone giant (Volcano)
  A minotaur (D:14)
  Azrael (Orc:1)
  A merfolk javelineer (Shoals:1)
  Snorg (Orc:1)
  A fire dragon (Lair:6)
  A merfolk impaler (Shoals:2)
  Josephine (Lair:5)
  5 hydras
  Harold (D:7)
  2 yaktaur captains
  2 boulder beetles (D:14)
  11 naga warriors
  2 catoblepae
  An anaconda (shapeshifter) (D:15)
  The ghost of Karim the Reanimator, a journeyman GnNe of Cheibriados (Lair:1)
  15 anacondas
  3 merfolk avatars
  3 centaur warriors
  3 two-headed ogres
  2 dancing weapons (D:14)
  14 death yaks
  3 tengu warriors (D:15)
  A merfolk aquamancer (Shoals:3)
  A satyr (Shoals:4)
  An alligator (shapeshifter) (D:11)
  6 naga sharpshooters
  10 shock serpents
  An orc high priest (Orc:2)
  Urug (Lair:3)
  A deep elf knight (D:11)
  5 skeletal warriors
  2 salamander mystics (Snake:3)
  17 sea snakes
  A swamp dragon (Lair:6)
  3 unseen horrors
  A glowing orange brain (shapeshifter) (D:2)
  3 orc knights (Orc:2)
  A deep elf mage (D:15)
  5 naga ritualists
  15 harpies
  6 mana vipers
  2 wolf spiders
  7 cyclopes
  8 fauns
  11 manticores
  2 orc sorcerers (Orc:2)
  9 salamanders
  5 ugly things
  Joseph (Lair:1)
  8 merfolk sirens
  24 naga magi
  10 elephants
  42 black mambas
  18 guardian serpents
  5 gargoyles
  6 water nymphs
  Maurice (D:11)
  14 cane toads
  4 kobold demonologists
  3 rime drakes
  A yaktaur (D:15)
  13 komodo dragons
  A tengu conjurer (D:15)
  21 merfolk
  A queen bee (D:11)
  8 wind drakes
  13 trolls
  A polar bear (shapeshifter) (D:13)
  21 blink frogs
  10 hornets
  3 polar bears
  3 dream sheep (Shoals:1)
  5 slime creatures
  A harpy skeleton (D:12)
  10 snapping turtles
  A meliai zombie (D:15)
  A redback (Lair:6)
  3 shadows
  7 water elementals
  3 fire elementals
  20 wyverns
  12 wraiths
  5 spriggans
  Grum (D:10)
  26 yaks
  9 basilisks
  2 steam dragons (Lair:6)
  5 hogs (Lair:4)
  4 vampire mosquitoes (D:12)
  40 nagas
  3 wargs (Orc:1)
  2 soldier ants
  3 hell hounds
  4 acid dragons
  Duvessa (D:6)
  23 water moccasins
  18 orc warriors
  4 black bears
  2 swamp drakes
  2 hornet zombies
  An eye of draining (shapeshifter) (D:3)
  4 sky beasts
  6 ice beasts
  A phantom (D:8)
  17 ogres
  A boggart (D:15)
  16 wolves
  19 centaurs
  27 bullfrogs
  4 big kobolds
  A wyvern zombie (D:12)
  Dowan (D:6)
  2 wyvern skeletons
  4 scorpions
  21 killer bees
  14 wights
  3 electric eels
  10 howler monkeys
  3 centaur zombies
  A bullfrog zombie (D:11)
  13 hounds
  5 jellies
  20 orc priests
  Crazy Yiuf (D:2)
  4 centaur skeletons
  A gnoll shaman (D:10)
  38 orc wizards
  3 bullfrog skeletons
  9 iguanas
  Ijyb (D:3)
  Natasha (thrice) (D:2)
  8 worker ants
  A hound zombie (D:6)
  2 hound skeletons
  Robin (D:3)
  13 gnolls
  A howler monkey zombie (D:6)
  4 worker ant zombies
  24 adders
  A river rat (Lair:1)
  6 shadow imps
  4 white imps
  3 ufetubi
  4 oozes
  2 adder zombies
  An adder skeleton (D:4)
  3 worms
  4 dart slugs
  11 leopard geckos
  95 orcs
  2 ball pythons
  12 bats
  2 giant cockroaches
  22 goblins
  14 hobgoblins
  27 jackals
  9 kobolds
  8 quokkas
  4 frilled lizards
  A quokka skeleton (D:7)
  2 quokka zombies (D:7)
  13 rats
  3 tentacles (Shoals:3)
1237 creatures vanquished.

Vanquished Creatures (collateral kills)
  A two-headed ogre (D:12)
  An elephant (Lair:1)
  A merfolk (Shoals:4)
  A troll (D:12)
  A slime creature (D:14)
  A spriggan (Lair:1)
  An ogre (D:7)
  A gnoll (shapeshifter) (D:14)
8 creatures vanquished.

Vanquished Creatures (others)
  An unseen horror (D:12)
  A harpy (Shoals:4)
  An ugly thing (D:14)
  A naga (Snake:4)
  A bullfrog (D:7)
  26 fungi
  125 plants
  10 tentacles (Shoals:3)
166 creatures vanquished.

Grand Total: 1411 creatures vanquished

Notes
Turn   | Place    | Note
-------+----------+-------------------------------------------
     0 | D:1      | Arum the Formicid Fighter began the quest for the Orb.
     0 | D:1      | Reached XP level 1. HP: 18/18 MP: 1/1
   130 | D:1      | Reached XP level 2. HP: 24/24 MP: 2/2
   399 | D:2      | Reached XP level 3. HP: 26/29 MP: 3/3
   533 | D:2      | Found a bloodstained altar of Trog.
   550 | D:2      | Reached XP level 4. HP: 34/37 MP: 4/4
   600 | D:2      | Found a runed translucent door.
   601 | D:2      | Noticed Crazy Yiuf
   614 | D:2      | Killed Crazy Yiuf
   615 | D:2      | Reached skill level 4 in Fighting
   856 | D:2      | Reached XP level 5. HP: 42/42 MP: 5/5
   890 | D:2      | Noticed Natasha
   900 | D:2      | Killed Natasha
  1043 | D:2      | Noticed a glowing shapeshifter
  1043 | D:2      | a ball python changed into a glowing shapeshifter
  1043 | D:2      | Noticed a swamp dragon
  1043 | D:2      | a glowing shapeshifter changed into a swamp dragon
  1045 | D:2      | Noticed a glowing orange brain
  1045 | D:2      | a swamp dragon changed into a glowing orange brain
  1050 | D:2      | Killed a glowing orange brain
  1051 | D:2      | Reached skill level 5 in Fighting
  1051 | D:2      | Reached skill level 5 in Armour
  1051 | D:2      | Reached XP level 6. HP: 51/51 MP: 6/6
  1051 | D:2      | Reached XP level 7. HP: 56/56 MP: 7/7
  1472 | D:2      | Noticed Natasha
  1480 | D:2      | Killed Natasha
  1622 | D:2      | Noticed Natasha
  1630 | D:2      | Killed Natasha
  1741 | D:3      | Reached XP level 8. HP: 63/63 MP: 8/8
  1880 | D:3      | Noticed Robin
  1899 | D:3      | Killed Robin
  1941 | D:3      | Noticed Ijyb
  1983 | D:3      | Killed Ijyb
  2043 | D:3      | Noticed a shapeshifter
  2043 | D:3      | an adder changed into a shapeshifter
  2043 | D:3      | a shapeshifter changed into an eye of draining
  2051 | D:3      | Reached skill level 6 in Fighting
  2051 | D:3      | Reached skill level 5 in Staves
  2671 | D:4      | Found a staircase to the Ecumenical Temple.
  2683 | Temple   | Entered the Ecumenical Temple
  2690 | Temple   | Became a worshipper of Makhleb the Destroyer
  3111 | D:5      | Entered Level 5 of the Dungeon
  3119 | D:5      | Reached * piety under Makhleb
  3455 | D:5      | Reached skill level 7 in Fighting
  3455 | D:5      | Reached XP level 9. HP: 66/72 MP: 9/9
  4115 | D:6      | Reached ** piety under Makhleb
  4129 | D:6      | Found a glowing drain.
  4133 | Sewer    | Entered a sewer
  4247 | Sewer    | Found a white marble altar of Elyvilon.
  4408 | D:6      | Noticed Dowan
  4409 | D:6      | Noticed Duvessa
  4422 | D:6      | Killed Duvessa
  4423 | D:6      | Killed Dowan
  4465 | D:6      | Reached skill level 8 in Fighting
  4954 | D:7      | Reached *** piety under Makhleb
  4986 | D:7      | Reached XP level 10. HP: 41/82 MP: 10/10
  5175 | D:7      | Noticed Harold
  5200 | D:7      | Killed Harold
  5201 | D:7      | Reached skill level 9 in Fighting
  5206 | D:7      | Reached **** piety under Makhleb
  5412 | D:7      | Noticed a kobold demonologist
  5469 | D:7      | Found a transporter.
  5490 | D:7      | Found an iron altar of Okawaru.
  5490 | D:7      | Found a glowing silver altar of Zin.
  5490 | D:7      | Found a hide-covered altar of Uskayaw.
  5490 | D:7      | Found a shadowy altar of Dithmenos.
  5497 | D:7      | Found a sacrificial altar of Ru.
  5497 | D:7      | Found a broken altar of Ashenzari.
  5531 | D:7      | Found a transporter.
  5743 | D:7      | Noticed an orange demon
  5745 | D:7      | Killed a kobold demonologist
  5876 | D:8      | Found Qufi's Antique Armour Boutique.
  6024 | D:8      | Found a staircase to the Lair.
  6210 | D:8      | Reached XP level 11. HP: 80/90 MP: 11/11
  6324 | D:8      | Reached ***** piety under Makhleb
  6654 | D:9      | Reached skill level 10 in Fighting
  6677 | D:9      | Found Kacaeta's Armour Emporium.
  6922 | D:9      | Noticed a two-headed ogre
  6936 | D:9      | Killed a two-headed ogre
  7232 | D:9      | Found Neyxuemm's Gadget Emporium.
  7537 | D:10     | Entered Level 10 of the Dungeon
  7657 | D:10     | Found Coecha's Weapon Emporium.
  7681 | D:10     | Noticed an unseen horror
  7691 | D:10     | Killed an unseen horror
  7721 | D:10     | Reached skill level 10 in Armour
  7994 | D:10     | Noticed Grum
  8008 | D:10     | Killed Grum
  8009 | D:10     | Reached skill level 11 in Fighting
  8555 | D:11     | Reached skill level 10 in Staves
  8666 | D:11     | Reached ****** piety under Makhleb
  8689 | D:11     | Noticed Erica
  8696 | D:11     | Noticed Erica
  8696 | D:11     | Erica changed into Erica the wind drake
  8705 | D:11     | Killed Erica the wind drake
  8867 | D:11     | Reached XP level 12. HP: 100/100 MP: 12/12
  8915 | D:11     | Noticed Maurice
  8924 | D:11     | Killed Maurice
  8930 | D:11     | You fall into a shaft and drop 2 floors!
  9898 | D:12     | Noticed an unseen horror
  9901 | D:12     | Reached skill level 12 in Fighting
  9909 | D:12     | Killed an unseen horror
 10203 | D:12     | Noticed a two-headed ogre
 10220 | D:12     | Killed a two-headed ogre
 10611 | D:12     | Found Kuefam's Armour Boutique.
 11018 | D:12     | Reached XP level 13. HP: 109/109 MP: 13/13
 11564 | D:11     | Found Ofang's Magic Scroll Shoppe.
 11579 | D:11     | Bought a scroll of remove curse for 36 gold pieces
 11579 | D:11     | Bought a scroll of magic mapping for 42 gold pieces
 11595 | D:11     | Found a staircase to the Orcish Mines.
 11619 | D:11     | Found a roughly hewn altar of Beogh.
 11666 | D:11     | Reached skill level 13 in Fighting
 11781 | D:11     | Found a burning altar of Makhleb.
 11792 | D:11     | Found a runed translucent door.
 11792 | D:11     | Found a runed translucent door.
 11792 | D:11     | Found a runed translucent door.
 11792 | D:11     | Noticed a fire giant
 11792 | D:11     | Noticed a yaktaur captain
 11979 | D:11     | Noticed a six-headed hydra
 11992 | D:11     | Killed a six-headed hydra
 12475 | D:11     | Killed a yaktaur captain
 12483 | D:11     | Killed a fire giant
 12570 | D:11     | Noticed a catoblepas
 12590 | D:11     | Killed a catoblepas
 12672 | D:11     | Identified the ring "Dyta" {rN+ Dex+2 Slay+3 SInv}
 12745 | D:11     | Identified the ring "Jonlof" {*Drain +Blink rPois rF+++
                  | rC+}
 12817 | D:11     | Identified the Papyrus of Transformation and Darkness
 13295 | D:14     | Reached skill level 14 in Fighting
 13295 | D:14     | Reached XP level 14. HP: 119/120 MP: 14/14
 13570 | D:14     | Reached skill level 1 in Invocations
 13583 | D:14     | Found a gate to the Vaults.
 13720 | D:14     | Found a runed translucent gate.
 13720 | D:14     | Found a runed translucent gate.
 13720 | D:14     | Found a runed translucent gate.
 13931 | D:14     | Noticed a minotaur
 14080 | D:14     | Noticed MajorAdolf's ghost (journeyman NaWn)
 14188 | D:14     | Banished MajorAdolf's ghost
 14204 | D:14     | Killed a minotaur
 14298 | D:15     | Entered Level 15 of the Dungeon
 14300 | D:15     | Found a blossoming altar of Fedhas.
 14574 | D:15     | Reached skill level 5 in Invocations
 14729 | D:15     | Reached skill level 15 in Fighting
 14773 | D:15     | Found a runed translucent door.
 14780 | D:15     | Identified the +10 trident "Ilios" {venom, rElec Will-
                  | Int+3 Dex+3}
 14780 | D:15     | Noticed MisterFreud's ghost (journeyman MiFi)
 15052 | D:15     | Reached XP level 15. HP: 129/129 MP: 19/19
 15151 | D:15     | Found a staircase to the Depths.
 15313 | D:15     | Reached skill level 1 in Dodging
 15335 | D:15     | Killed MisterFreud's ghost
 15541 | Orc:1    | Entered Level 1 of the Orcish Mines
 15562 | Orc:1    | Noticed Snorg
 15581 | Orc:1    | Noticed an orc warlord
 15582 | Orc:1    | Killed Snorg
 15614 | Orc:1    | Killed an orc warlord
 15681 | Orc:1    | Found a transporter.
 15683 | Orc:1    | Identified the +9 eveningstar of Fundamental Breach
                  | {antimagic, Int+3}
 15687 | Orc:1    | Noticed TrebMcFLY's ghost (journeyman OpFi)
 15689 | Orc:1    | Found a bloodstained altar of Trog.
 15690 | Orc:1    | Found a transporter.
 15944 | Orc:1    | Found a roughly hewn altar of Beogh.
 16123 | Orc:2    | Entered Level 2 of the Orcish Mines
 16123 | Orc:2    | Noticed Azrael
 16132 | Orc:1    | Killed Azrael
 16208 | Orc:2    | Noticed an orc warlord
 16251 | Orc:2    | Killed an orc warlord
 16317 | Orc:2    | Found a roughly hewn altar of Beogh.
 16422 | Orc:2    | Found Fituock's General Store.
 16442 | Orc:2    | Bought a potion of curing for 42 gold pieces
 16442 | Orc:2    | Bought a scroll of identify for 28 gold pieces
 16513 | Orc:2    | Found Pistifimio's Distillery.
 16604 | Orc:2    | Found a staircase to the Elven Halls.
 16716 | Orc:2    | Found Sajomed's Jewellery Emporium.
 16731 | Orc:2    | Found Vasouxiq's Antique Weapon Emporium.
 16820 | Orc:2    | Found Guettul's Antique Armour Emporium.
 16826 | Orc:2    | Bought a warped cloak for 209 gold pieces
 16828 | Orc:2    | Identified the +0 cloak of the Barnacle {rF+ rC+ Str-2}
                  | (You bought it in a shop on level 2 of the Orcish Mines)
 17191 | Lair:1   | Entered Level 1 of the Lair of Beasts
 17216 | Lair:1   | Noticed Joseph
 17246 | Lair:1   | Killed Joseph
 17563 | Lair:1   | Found a runed translucent door.
 17565 | Lair:1   | Noticed Karim's ghost (journeyman GnNe)
 17565 | Lair:1   | Identified the +8 trident of Exchange {vorpal, Fragile
                  | rElec rC+++ rN+}
 18043 | Lair:1   | Killed Karim's ghost
 18444 | Lair:2   | Found a staircase to the Snake Pit.
 19195 | Lair:3   | Reached skill level 16 in Fighting
 19236 | Lair:3   | Found a dark tunnel.
 19249 | Volcano  | Entered a volcano
 19260 | Volcano  | Reached XP level 16. HP: 135/138 MP: 22/22
 19285 | Volcano  | Reached skill level 5 in Dodging
 19285 | Volcano  | Reached skill level 1 in Evocations
 19426 | Lair:3   | Found a staircase to the Shoals.
 19460 | Lair:3   | Noticed Urug
 19474 | Lair:3   | Killed Urug
 20112 | Lair:4   | Noticed Kirke
 20143 | Lair:4   | Killed Kirke
 20338 | Lair:4   | Reached skill level 15 in Staves
 20951 | Lair:5   | Noticed Josephine
 20960 | Lair:5   | Killed Josephine
 21286 | Lair:6   | Entered Level 6 of the Lair of Beasts
 21286 | Lair:6   | Noticed Rupert
 21293 | Lair:6   | Killed Rupert
 21294 | Lair:6   | Reached skill level 5 in Evocations
 21680 | Lair:6   | Found a staircase to the Slime Pits.
 21712 | Lair:6   | Reached XP level 17. HP: 138/146 MP: 23/23
 22243 | Lair:6   | Reached skill level 17 in Fighting
 22799 | Snake:1  | Entered Level 1 of the Snake Pit
 22899 | D:9      | Bought the +8 plate armour of the Equinox {rC+ Will+} for
                  | 1239 gold pieces
 23015 | Orc:2    | Bought the ring "Luij" {+Inv rElec rPois rN+ Stlth-} for
                  | 613 gold pieces
 23243 | Snake:1  | Noticed Asterion
 23268 | Snake:1  | Killed Asterion
 23948 | Snake:2  | Noticed Donald
 23961 | Snake:2  | Killed Donald
 24509 | Snake:3  | Reached XP level 18. HP: 135/155 MP: 13/24
 24823 | Snake:3  | Noticed Aizul
 24847 | Snake:3  | Killed Aizul
 25022 | Snake:3  | Found Ownoiz's Magic Scroll Boutique.
 25030 | Snake:3  | Bought a scroll of identify for 34 gold pieces
 25030 | Snake:3  | Bought a scroll of identify for 34 gold pieces
 25030 | Snake:3  | Found Xoapp's Antique Armour Shop.
 25294 | Snake:4  | Entered Level 4 of the Snake Pit
 25516 | Snake:4  | Reached skill level 18 in Fighting
 26041 | Snake:4  | Reached skill level 10 in Evocations
 26121 | Snake:4  | Reached skill level 10 in Dodging
 26248 | Snake:4  | Reached XP level 19. HP: 77/164 MP: 25/25
 26573 | Snake:4  | Got a serpentine rune of Zot
 27034 | Shoals:1 | Entered Level 1 of the Shoals
 27085 | Shoals:1 | Found a runed translucent gate.
 27086 | Shoals:1 | Found a runed translucent gate.
 27087 | Shoals:1 | Found a runed translucent gate.
 27087 | Shoals:1 | Noticed Glennnyy's ghost (adept GrFi)
 27113 | Shoals:1 | Noticed Jorgrun
 27126 | Shoals:1 | Killed Jorgrun
 27619 | Shoals:1 | Reached skill level 15 in Armour
 27777 | Shoals:2 | Noticed Frances
 27791 | Shoals:2 | Killed Frances
 27796 | Shoals:2 | Reached skill level 19 in Fighting
 28238 | Shoals:2 | Noticed Polyphemus
 28282 | Shoals:2 | Killed Polyphemus
 29136 | Shoals:3 | Found a runed translucent gate.
 29136 | Shoals:3 | Found a runed translucent gate.
 29136 | Shoals:3 | Found a runed translucent gate.
 29136 | Shoals:3 | Noticed Aral's ghost (adept MiBe)
 29137 | Shoals:3 | Noticed FortyThree's ghost (adept DrTm)
 29176 | Shoals:3 | Killed FortyThree's ghost
 29177 | Shoals:3 | Reached XP level 20. HP: 122/174 MP: 21/26
 29229 | Shoals:3 | HP: 2/174 [disintegration[the player character] (24)]
 29231 | Shoals:3 | Gained mutation: Your magical capacity is low. (-10% MP) [a
                  | cacodemon]
 29243 | Shoals:3 | Killed Aral's ghost
 29777 | Shoals:4 | Entered Level 4 of the Shoals
 29793 | Shoals:4 | Found a hazy altar of Hepliaklqana.
 29948 | Shoals:4 | Slain by a merfolk impaler

Illustrated notes

Levels and vault maps discovered:
D:1:      eino_arrival_druids_welcome, layout_rooms
D:2:      layout_rooms, marbit_many_paths, hex_intersection, patterned_corridor,
          uniq_crazy_yiuf_cottage, uniq_natasha
D:3:      layout_loops_ring, kennysheep_boxes, uniq_robin, uniq_ijyb
D:4:      layout_cave_pools, minmay_temple_entry_overgrown
D:5:      layout_cave_pools
D:6:      layout_basic, gup_sewer_entry_bowl, lemuel_flame_loot_1, uniq_duvessa
D:7:      gammafunk_wand_slinger, layout_cave_pools, minmay_overflow_temple_hex,
          uniq_harold
D:8:      layout_basic, dpeg_oklobed_lair, serial_shops,
          nicolae_shop_statue_plus, hangedman_decor_points
D:9:      layout_basic, serial_shops, kennysheep_mini, shop
D:10:     layout_cave_pools, serial_gnoll_camp, gnoll_camp_mini_basic,
          grums_kennel, gnoll_camp_mini_hut, gnoll_camp_mini_shop,
          minmay_misc_feat_hallway, nrook_pool_corridor
D:11:     minmay_the_grid_triangle_9x9_rhombus_full
          [minmay_the_grid_triangle_9x9_shrine,
          minmay_the_grid_triangle_9x9_alien,
          minmay_the_grid_triangle_9x9_skeleton,
          minmay_the_grid_triangle_9x9_fully_insulated_deathbox,
          minmay_the_grid_triangle_9x9_steps,
          minmay_the_grid_triangle_9x9_windchime,
          minmay_the_grid_triangle_9x9_negative_grid,
          minmay_the_grid_triangle_9x9_prize_insulated], layout_stronghold,
          minmay_orc_entry_temple_small, serial_shops, shop, minivault_7,
          uniq_maurice, uniq_erica
D:12:     layout_basic, serial_ice, serial_ice_j, serial_ice_b, serial_ice_m,
          serial_ice_e, serial_shops, nicolae_shop_stone, grunt_ministairs_6
D:13:     layout_basic
D:14:     layout_loops_ring, erik_vaults_1, maelrawn_ghost_gauntlet_escape
D:15:     grunt_enter_depths_snipers, layout_irregular_city, fedhas_altar_3,
          ebering_ghost_funeral_grove
Temple:   nicolae_temple_no_exploring_needed
Lair:1:   minmay_lair_venomous_thicket, layout_gridlike,
          ebering_ghost_funeral_grove, serial_bayou_pond_c,
          chequers_serial_rivers_room_b, uniq_joseph
Lair:2:   layout_layer_cave, dummy_snake_entry
Lair:3:   layout_roguey, elwin_shoals_entry_rooms, nicolae_volcano_entry_s_turn,
          uniq_urug
Lair:4:   wander_river, layout_cave_shapes, uniq_kirke
Lair:5:   layout_hall_layers, lemuel_fruit_fields, uniq_josephine
Lair:6:   guppyfry_lair_end_dragon, layout_cave_pods,
          hangedman_lair_tendril_chambers, nicolae_slime_entry_slimehenge,
          uniq_rupert
Shoals:1: argonaut_golden_fleece, layout_shoals, gammafunk_ghost_split,
          uniq_jorgrun
Shoals:2: layout_shoals, uniq_frances, uniq_polyphemus
Shoals:3: layout_shoals, gammafunk_ghost_cemetery
Shoals:4: shoals_end_grunt_ice, layout_shoals, lemuel_centaur_altar
Snake:1:  layout_rooms, drop_trap, grunt_ministairs_9, uniq_asterion
Snake:2:  layout_concentric_octagons, nrook_guardian_serpent_ordinary,
          uniq_donald
Snake:3:  layout_grid_shapes, grunt_ministairs_2, minmay_shoptagon, uniq_aizul
Snake:4:  grunt_snake_rune_serpentine_throne, layout_basic, special_room
Orc:1:    layout_caves, basic_altar, gammafunk_ghost_wrathful_warriors,
          roderic_batcave, nicolae_orc_tapped_out, uniq_snorg
Orc:2:    grunt_orc_cross, layout_diamond_mine, serial_shops, shop, uniq_azrael

Skill      XL: |  1  2  3  4  5  6  7  8  9 10 11 12 13 14 15 16 17 18 19 20 |
---------------+-------------------------------------------------------------+-----
Shields        | 4 6 7 9 |  9.0
Fighting       | 4 5 7 8 9 11 12 14 15 16 17 18 19 | 19.7
Armour         | 4 5 8 10 12 13 14 15 16 | 16.1
Staves         | 4 6 7 8 10 11 12 13 14 15 16 17 18 | 18.0
Invocations    | 6 9 |  9.0
Dodging        | 4 7 8 10 | 10.0
Evocations     | 5 8 10 | 10.0

Action                   |  1- 3 |  4- 6 |  7- 9 | 10-12 | 13-15 | 16-18 | 19-21 || total
-------------------------+-------+-------+-------+-------+-------+-------+-------++-------
Melee: Quarterstaff      |    70 |    54 |   406 |   765 |  1238 |    24 |       ||  2557
       Lajatang          |       |       |       |       |     7 |  1331 |   820 ||  2158
Throw: Javelin           |       |       |       |       |       |       |     1 ||     1
Invok: Lesser Servant of |       |       |       |       |     5 |     1 |     2 ||     8
       Minor Destruction |       |       |       |       |     2 |       |       ||     2
       Major Destruction |       |       |       |       |       |     2 |     2 ||     4
       Greater Servant o |       |       |       |       |       |       |     5 ||     5
 Abil: Dig               |     1 |       |     7 |     7 |     9 |     8 |    13 ||    45
Evoke: Wand              |       |       |       |    11 |    28 |     2 |       ||    41
       Lightning rod     |       |       |       |       |     1 |     2 |       ||     3
       Phantom mirror    |       |       |       |       |       |     1 |       ||     1
       Condenser vane    |       |       |       |       |       |     1 |     1 ||     2
       Box of beasts     |       |       |       |       |       |       |     1 ||     1
  Use: Scroll            |       |       |     3 |    11 |    22 |     6 |     5 ||    47
       Potion            |       |       |       |     2 |     2 |     9 |    10 ||    23
 Stab: Paralysed         |       |     1 |     3 |     9 |    19 |     1 |       ||    33
       Petrifying        |       |       |     2 |     3 |     2 |       |       ||     7
       Petrified         |       |       |     1 |     1 |       |       |       ||     2
       Distracted        |       |       |       |     1 |     2 |       |       ||     3
       Confused          |       |       |       |       |     5 |       |       ||     5
Armor: Scale mail        |    35 |    25 |   142 |   224 |   136 |       |       ||   562
       Chain mail        |       |       |       |       |   141 |   197 |       ||   338
       Plate armour      |       |       |       |       |       |   398 |   365 ||   763
Dodge: Dodged            |    14 |    23 |   127 |   236 |   229 |   517 |   304 ||  1450
Block: Kite shield       |    40 |    26 |   225 |   392 |   499 |   807 |   458 ||  2447
